 Dungeon Crawl Stone Soup version 0.30.0-29-ga12c61a403 (webtiles) character file.

Game seed: 10819337420920073876

114 qw the Chopper (level 4, 0/28 HPs)
             Began as a Gargoyle Fighter on June 5, 2023.
             Slain by a gnoll
             ... wielding a +1 flail of protection
              (6 damage)
             ... on level 3 of the Dungeon.
             The game lasted 00:00:50 (1222 turns).

qw the Chopper (Gargoyle Fighter)                   Turns: 1222, Time: 00:00:51

Health: 0/28       AC: 10    Str: 18 (21) XL:     4   Next: 98%
Magic:  4/4        EV:  9    Int:  8 (9)  God:
Gold:   78         SH:  4    Dex:  7 (9)  Spells: 3/3 levels left

rFire   . . .        Y - +1 war axe
rCold   . . .        c - +0 buckler
rNeg    + . .        b - +0 scale mail
rPois   inf          (no helmet)
rElec   +            (no cloak)
rCorr   .            (no gloves)
SInv    .            (no boots)
Will    .....        (no amulet) Stlth
                     (no ring)
HPRegen 0.24/turn    (no ring)
MPRegen 0.09/turn

%: no passive effects
@: no status effects
A: sickness immunity, AC +3, negative energy resistance 1, electricity
resistance, torment resistance 1, petrification resistance
a: no special abilities


You were on level 3 of the Dungeon.
You visited 1 branch of the dungeon, and saw 3 of its levels.

You collected 78 gold pieces.


Innate Abilities, Weirdness & Mutations

You are immune to sickness and miasma.
Your stone body is resilient. (AC +3)
You are immune to poison.
You resist negative energy. (rN+)
You are resistant to electric shocks. (rElec)
You are resistant to unholy torment.
You are immune to petrification.


   Skills:
 - Level 3.2 Fighting
 + Level 4.5 Axes
 - Level 3.2 Armour
 - Level 3.2 Shields


You had 3 spell levels left.
You didn't know any spells.
Your spell library was empty.

Inventory:

Hand Weapons
 h - a +0 whip
 Y - a +1 war axe (weapon)
Armour
 b - a +0 scale mail (worn)
 c - a +0 buckler (worn)
Jewellery
 a - a ring of fire
Potions
 d - a potion of might
 g - a potion of curing
 i - a potion of lignification {unknown}
 n - a potion of brilliance {unknown}
 o - a potion of heal wounds {unknown}
 p - a potion of resistance {unknown}

Dungeon Overview and Level Annotations

Branches:
Dungeon (3/15)

Altars:
Wu Jian

Shops:
D:1 [

Annotations:
D:3 Grinder


Message History

The gnoll hits you from afar with a +0 halberd!
The gnoll completely misses you.
Things that are here:
a +0 flail; a gnoll corpse You barely miss the gnoll.
The gnoll is almost dead.
The gnoll barely misses you.
Grinder blinks!
You hit the gnoll but do no damage.
The gnoll is almost dead.
The gnoll closely misses you. Grinder gestures at you.
You suddenly lose the ability to move!
The gnoll barely misses you.
You can move again.
You barely miss the gnoll.
The gnoll is almost dead.
Grinder gestures at you.
You are unaffected.
The gnoll closely misses you.
Grinder says, "Mostly I couldn't keep them alive."
The gnoll hits you but does no damage.
You closely miss the gnoll.
The gnoll is almost dead.
The gnoll barely misses you. Grinder gestures at you.
Pain shoots through your body!
You hit the gnoll.
You kill the gnoll!
You closely miss the gnoll.
The gnoll hits you with a +1 flail of protection.
Grinder gestures at you.
You barely resist. The gnoll barely misses you.
You hit Grinder.
Grinder is lightly wounded.
You hit the gnoll but do no damage. The gnoll hits you but does no damage.
Grinder hits you but does no damage.
You slash Grinder!
Grinder is moderately wounded.
You hit the gnoll but do no damage.
The gnoll hits you with a +1 flail of protection.
You die...

### ..# #.#
#.#
########.#
#......#.#
#....<.######
#.##....5@g.#
#..#####.#
#..# # #..#
...# ###5.
#..


You could see Grinder and a gnoll.

Vanquished Creatures
  6 gnolls
  2 adders (D:2)
  3 worms (D:2)
  A bat (D:2)
  3 endoplasms
  4 goblins (D:1)
  3 jackals (D:1)
  A quokka (D:2)
  2 ball pythons
  A frilled lizard (D:1)
  4 kobolds
  2 rats (D:1)
32 creatures vanquished.

Notes
Turn   | Place    | Note
-------+----------+-------------------------------------------
     0 | D:1      | qw the Gargoyle Fighter began the quest for the Orb.
     0 | D:1      | Reached XP level 1. HP: 14/14 MP: 1/1
     0 | D:1      | 0 ||| qw: Version: 0.2-a-108-gee2c290
     0 | D:1      | 0 ||| qw: Game counter: 1406
     0 | D:1      | 0 ||| qw: Always use a shield: true
     0 | D:1      | 0 ||| qw: God list: Okawaru
     0 | D:1      | 0 ||| qw: Allow faded altars: false
     0 | D:1      | 0 ||| qw: Do Orc after D:15 true
     0 | D:1      | 0 ||| qw: Do second Lair branch before Depths: true
     0 | D:1      | 0 ||| qw: Lair rune preference: random
     0 | D:1      | 0 ||| qw: Plans: Normal, Zot:1-4, Slime:5, God:TSO, Crypt,
                  | Tomb, Abyss, Pan, Hells, Win
     0 | D:1      | 0 ||| PLANNING D:1-11
   101 | D:1      | Found Buof's Armour Boutique.
   111 | D:1      | 111 ||| SHOPLISTING +0 cloak (49 gold, have 11).
   111 | D:1      | 111 ||| SHOPLISTING +0 plate armour of poison resistance
                  | (297 gold, have 11).
   218 | D:1      | Reached skill level 2 in Axes
   253 | D:1      | 253 ||| Stepping ~*~*~tactically~*~*~ (stealth).
   258 | D:1      | 258 ||| FLEEEEING.
   260 | D:1      | 260 ||| FLEEEEING.
   269 | D:1      | 269 ||| Stepping ~*~*~tactically~*~*~ (stealth).
   286 | D:1      | Reached XP level 2. HP: 19/19 MP: 2/2
   296 | D:1      | 296 ||| DROPPING +0 club.
   428 | D:1      | 428 ||| Stepping ~*~*~tactically~*~*~ (stealth).
   433 | D:1      | 433 ||| READING scroll labelled WAADIUDETS.
   434 | D:1      | 434 ||| READING scroll labelled UMNORIU NIZIYSY.
   462 | D:1      | 462 ||| Stepping ~*~*~tactically~*~*~ (stealth).
   497 | D:2      | Found a faded altar of an unknown god.
   676 | D:2      | Reached skill level 3 in Axes
   685 | D:2      | Reached XP level 3. HP: 17/23 MP: 3/3
   691 | D:2      | 691 ||| FLEEEEING.
   823 | D:2      | Reached XP level 4. HP: 17/28 MP: 4/4
   828 | D:2      | Reached skill level 4 in Axes
  1105 | D:2      | Found an ornate altar of the Wu Jian Council.
  1158 | D:2      | 1158 ||| READING scroll labelled HABBOST QISKAT.
  1159 | D:2      | 1159 ||| READING scroll labelled VAIWOL GIYR.
  1160 | D:2      | 1160 ||| READING scroll labelled NASSUCE CENOECH.
  1161 | D:2      | 1161 ||| READING scroll labelled PIGOSA INIER.
  1162 | D:2      | 1162 ||| READING scroll labelled PILAOZ HETH.
  1163 | D:2      | 1163 ||| DRINKING 2 emerald potions.
  1164 | D:2      | 1164 ||| DRINKING 2 silvery potions.
  1165 | D:2      | 1165 ||| DROPPING potion of degeneration.
  1202 | D:3      | Noticed Grinder
  1215 | D:3      | Paralysed by Grinder for 2 turns
  1220 | D:3      | HP: 5/28 [gnoll/+1 flail of protection (5)]
  1222 | D:3      | Slain by a gnoll

Levels and vault maps discovered:
D:1:      scummos_arrival_hexagon, layout_rooms, serial_shops, shop,
          minivault_19
D:2:      layout_basic, basic_ecumenical_altar, basic_altar
D:3:      layout_loops_cross, okawaru_metal_pillars_3, uniq_grinder

Skill      XL: |  1  2  3  4 |
---------------+-------------+-----
Axes           | 2 3 4 |  4.5
Fighting       | |  3.2
Armour         | |  3.2
Shields        | |  3.2

Action                     |  1- 3 |  4- 6 || total
---------------------------+-------+-------++-------
  Melee: War axe           |    76 |    32 ||   108
    Use: Scroll            |     2 |     5 ||     7
         Potion            |       |     2 ||     2
 Armour: Scale mail        |    38 |    12 ||    50
  Dodge: Dodged            |    40 |    19 ||    59
  Block: Buckler           |    16 |     7 ||    23

Table legend:
 A = Non-vault XP
 B = Vault XP
 C = Vault XP percentage of total XP
 D = Non-vault monster count
 E = Vault monster count
 F = Vault count percentage of total count
                 A         B        C        D         E       F
            +---------+---------+-------+---------+---------+-------
      Total |     164 |       0 |   0.0 |      32 |       0 |   0.0
            +---------+---------+-------+---------+---------+-------
        D:1 |      23 |       0 |   0.0 |      14 |       0 |   0.0
        D:2 |     112 |       0 |   0.0 |      16 |       0 |   0.0
        D:3 |      29 |       0 |   0.0 |       2 |       0 |   0.0
            +---------+---------+-------+---------+---------+-------
